 Dungeon Crawl Stone Soup version 0.26-a0-146-g24f6d3962c (webtiles) character file.

Game seed: 12764293153163539196

42 Flugslaktarn the Chiller (level 3, 0/16 HPs)
             Began as a Vine Stalker Ice Elementalist on June 29, 2020.
             Slain by a worker ant (1 damage)
             ... on level 2 of the Dungeon.
             The game lasted 00:03:06 (546 turns).

Flugslaktarn the Chiller (VSIE)                      Turns: 546, Time: 00:03:07

Health: 0/16       AC:  2    Str: 10    XL:     3   Next: 54%
Magic:  0/8        EV: 12    Int: 16    God:
Gold:   100        SH:  0    Dex: 14    Spells: 4/8 levels left

rFire    . . .     SeeInvis .   g - +0 dagger
rCold    . . .     Faith    .   (no shield)
rNeg     . . .     Spirit   +   a - +0 robe
rPois    .         Reflect  .   (no helmet)
rElec    .         Harm     .   (no cloak)
rCorr    .                      (no gloves)
MR       .....                  (no boots)
Stlth    ++........             p - amulet of regeneration
HPRegen  0.05/turn              (no ring)
MPRegen  0.11/turn              (no ring)

@: no status effects
A: fangs 2, magic shield, antimagic bite, no potion heal 3, rot immunity
a: no special abilities


You were on level 2 of the Dungeon.
You were full.

You visited 1 branch of the dungeon, and saw 2 of its levels.

You collected 100 gold pieces.

Inventory:

Hand Weapons
 g - a +0 dagger (weapon)
   (You took it off a kobold on level 1 of the Dungeon)
Missiles
 d - 3 boomerangs (quivered)
 e - 14 arrows
 f - 2 stones
Armour
 a - a +0 robe (worn)
Jewellery
 p - an amulet of regeneration (around neck)
   (You found it on level 2 of the Dungeon)
Scrolls
 b - a scroll of amnesia {unknown}
 k - 2 scrolls of remove curse {unknown}
 m - 2 scrolls of identify {unknown}
 o - a scroll of random uselessness {unknown}
 q - a scroll of teleportation {unknown}
Potions
 h - a potion of curing
 i - a potion of heal wounds {unknown}
 j - a potion of berserk rage {unknown}
 l - a potion of brilliance {unknown}
 n - a potion of invisibility {unknown}
Comestibles
 c - 3 rations


   Skills:
 - Level 1.5 Dodging
 - Level 2.4 Stealth
 + Level 3.1 Spellcasting
 + Level 4.6 Ice Magic


You had 4 spell levels left.
You knew the following spells:

 Your Spells              Type           Power        Failure   Level  Hunger
a - Freeze                Ice            ###.         2%          1    None
b - Frozen Ramparts       Ice            ###...       9%          3    ###....

Your spell library contained the following spells:

 Spells                   Type           Power        Failure   Level  Hunger
 Ozocubu's Armour         Chrm/Ice       #.......     22%         3    ###....
 Confusing Touch          Hex            #.......     50%         3    ###....
 Gell's Gravitas          Tloc           #.........   50%         3    ###....
 Hailstorm                Conj/Ice       #.......     56%         4    ####...
 Summon Ice Beast         Ice/Summ       #.......     56%         4    ####...
 Petrify                  Tmut/Erth      #.......     88%         4    ####...
 Metabolic Englaciation   Hex/Ice        #.........   89%         5    ######.
 Yara's Violent Unravell  Hex/Tmut       #.........   99%         5    ######.


Dungeon Overview and Level Annotations

Branches:
Dungeon (2/15)

Altars:


Innate Abilities, Weirdness & Mutations

You have extremely sharp teeth.
When hurt, damage is shared between your health and your magic reserves.
Your bite disrupts and absorbs the magic of your enemies.
Potions cannot restore your health.
You are immune to rotting.


Message History

The wall freezes the worm.
The wall freezes the worm.
The wall freezes the worm!
Throwing (i - inventory. (/) - cycle)
d - 3 boomerangs (quivered)
Press: ? - help, Shift-Dir - straight line, f/p - worm
Aim: a worm (severely wounded)
You throw a boomerang. The boomerang hits the worm.
The worm is almost dead.
The wall freezes the worm.
You kill the worm!
Throwing (i - inventory. (/) - cycle)
d - 3 boomerangs (quivered)
Press: ? - help, Shift-Dir - straight line, f - you Really target yourself?
Okay, then.
The frozen ramparts melt away.
You see here a worm corpse.
You see here a bat corpse.
You are a level 3 Vine Stalker Ice Elementalist.
You are 54% of the way to level 4.
Play time: 00:02:54 (497 turns) Unknown command.
You now have 100 gold pieces (gained 19).
Found a ration.
c - 3 rations (gained 1)
A worker ant comes into view.
The helpless worker ant fails to defend itself.
You puncture the worker ant! Your bite misses the worker ant.
The worker ant is heavily wounded.
The worker ant bites you.
* * * LOW HITPOINT WARNING * * *
Casting: Frozen Ramparts (extremely dangerous; 9% risk of failure)
Confirm with . or Enter, or press ? or * to list all spells.
Aiming: Freeze (safe; 2% risk of failure)
Press: ? - help, Shift-Dir - straight line, f - worker ant
Aim: a worker ant (heavily wounded)
You freeze the worker ant.
The worker ant is severely wounded.
The worker ant bites you.
* * * LOW HITPOINT WARNING * * *
Casting: Freeze (safe; 2% risk of failure)
Confirm with . or Enter, or press ? or * to list all spells.
Aiming: Freeze (safe; 2% risk of failure)
Press: ? - help, Shift-Dir - straight line, f/p - worker ant
Aim: a worker ant (severely wounded)
You freeze the worker ant.
The worker ant is severely wounded.
The worker ant bites you!
* * * LOW HITPOINT WARNING * * *
The worker ant bites you.
You die...

#.#..............#
#.#.############.#
#.#.#. ..#.#
#.#†#.##### #.#.#
#.#.#.##.. #.#.#
#.#.#.##.#####.#.#
#.#.#.>...........
#.#.#..#.#####.#.#
#@#.#............'
#a#.#..#########.#
#.#...............
#.################
#.. ........ ###
#######. #. #. #.


You could see a worker ant.

Vanquished Creatures
  2 adders (D:2)
  An ooze (D:2)
  A worm (D:2)
  A leopard gecko (D:2)
  A giant cockroach (D:2)
  A goblin (D:1)
  2 hobgoblins
  2 quokkas (D:2)
  A ball python (D:2)
  2 bats
  A frilled lizard (D:1)
  A kobold (D:1)
  A rat (D:1)
17 creatures vanquished.

Notes
Turn   | Place    | Note
-------+----------+-------------------------------------------
     0 | D:1      | Flugslaktarn the Vine Stalker Ice Elementalist began the
                  | quest for the Orb.
     0 | D:1      | Reached XP level 1. HP: 9/9 MP: 4/4
   160 | D:1      | Reached XP level 2. HP: 6/13 MP: 1/6
   369 | D:2      | Reached XP level 3. HP: 4/16 MP: 0/8
   478 | D:2      | Learned a level 3 spell: Frozen Ramparts
   546 | D:2      | Slain by a worker ant

Illustrated notes

Levels and vault maps discovered:
D:1:      lemuel_arrival_hallway, layout_basic
D:2:      layout_basic, bloody_makhleb

Skill      XL: |  1  2 |
---------------+-------+-----
Spellcasting   | 3 |  3.1
Dodging        | |  1.5
Stealth        | |  2.4
Ice Magic      | |  4.6

Action                   || total
-------------------------++-------
Melee: Dagger            ||     7
Throw: Boomerang         ||    12
 Cast: Freeze            ||    27
       Frozen Ramparts   ||     1
  Use: Potion            ||     1
 Stab: Sleeping          ||     3
  Eat: Ration            ||     1
Armor: Robe              ||     2
Dodge: Dodged            ||    15

Table legend:
 A = Non-vault XP
 B = Vault XP
 C = Vault XP percentage of total XP
 D = Non-vault monster count
 E = Vault monster count
 F = Vault count percentage of total count
                 A         B        C        D         E       F
            +---------+---------+-------+---------+---------+-------
      Total |      60 |       0 |   0.0 |      17 |       0 |   0.0
            +---------+---------+-------+---------+---------+-------
        D:1 |       8 |       0 |   0.0 |       6 |       0 |   0.0
        D:2 |      52 |       0 |   0.0 |      11 |       0 |   0.0
            +---------+---------+-------+---------+---------+-------
